Map: Ever Dream LE

Players

Stats - Winner!

  • Race: Protoss Protoss
  • League: Grandmaster
  • Spawn Location: 7:00

SpeCial

  • Race: Terran Terran
  • League: Master
  • Spawn Location: 1:00

VOD

Have the link to the VOD?

Description

Time

  • Played on: July 3, 2020, 7:17 a.m.
  • Length: 12:40
Show
View Real Time Build Order
Export as new Build Order

Stats Protoss - Winner!

Build Orders: 1 Gate Expand, Blink Stalkers, Colossus Rush 

Get SALT Encoding   

  12  0:00  Probe  
  13  0:12  Probe  
  14  0:17  Pylon  
  14  0:24  Probe  
  15  0:32  Probe  
  15  0:37  Gateway  
  15  0:40  Probe  
  16  0:46  Assimilator  
  17  0:51  Probe  
  18  1:03  Probe  
  19  1:15  Probe  
  20  1:24  Cybernetics Core  
  20  1:32  Nexus  
  20  1:34  Probe  
  21  1:41  Pylon  
  21  1:46  Assimilator  
  21  1:49  Probe  
  21  1:52  Adept  
  24  2:01  Probe  
  24  2:02  Warp Gate  
  24  2:11  Shield Battery  
  24  2:12  Stalker  
  24  2:13  Probe  
  27  2:25  Probe  
  28  2:34  Twilight Council  
  28  2:37  Probe  
  28  2:41  Probe  
  29  2:49  Probe x2  
  32  2:58  Blink  
  32  3:01  Probe  
  33  3:05  Probe  
  33  3:07  Gateway  
  33  3:09  Robotics Facility  
  34  3:15  Probe  
  34  3:18  Probe  
  36  3:27  Probe  
  36  3:30  Probe, Pylon  
  38  3:40  Probe  
  39  3:42  Probe  
  39  3:47  Gateway  
  40  3:50  Stalker  
  40  3:52  Probe, Observer  
  40  3:54  Probe  
  40  3:55  Assimilator  
  44  3:58  Pylon  
  45  4:03  Stalker  
  45  4:04  Probe  
  45  4:06  Probe  
  49  4:16  Probe  
  47  4:18  Probe  
  47  4:20  Stalker  
  50  4:26  Stalker  
  50  4:28  Probe  
  50  4:30  Probe  
  54  4:36  Assimilator  
  54  4:39  Pylon  
  54  4:40  Probe  
  54  4:41  Robotics Bay  
  54  4:42  Probe  
  56  4:47  Stalker  
  56  4:50  Stalker, Pylon  
  60  4:53  Probe  
  60  4:54  Probe  
  58  5:09  Probe x2  
  58  5:21  Probe x2, Pylon  
  58  5:24  Stalker x3  
  58  5:26  Pylon  
  66  5:31  Observer  
  66  5:38  Nexus  
  66  5:39  Observer  
  66  5:48  Colossus  
  72  5:55  Probe  
  72  5:56  Probe  
  74  6:01  Observer  
  74  6:03  Observer  
  72  6:07  Forge x2  
  72  6:08  Probe x2, Extended Thermal Lance  
  74  6:12  Observer  
  74  6:17  Charge  
  74  6:20  Probe x2  
  74  6:31  Colossus  
  74  6:41  Probe x2, Protoss Ground Armor Level 1, Protoss Ground Weapons Level 1  
  76  6:51  Probe  
  76  6:53  Probe x2  
  79  7:02  Pylon  
  79  7:03  Probe  
  79  7:05  Probe  
  79  7:06  Probe  
  80  7:10  Colossus  
  80  7:11  Gateway x2  
  80  7:12  Gateway  
  81  7:15  Probe  
  81  7:16  Sentry x3  
  81  7:18  Probe x2  
  89  7:23  Pylon  
  89  7:26  Gateway  
  89  7:27  Probe  
  89  7:29  Gateway  
  94  7:31  Shield Battery  
  94  7:39  Probe x3, Pylon  
  94  7:41  Assimilator  
  94  7:42  Templar Archives, Assimilator  
  97  7:47  Pylon  
  97  7:50  Shield Battery  
  97  7:53  Pylon  
  97  7:55  Warp Prism  
  97  7:57  Gravitic Drive  
  97  8:02  Probe  
  100  8:05  Stalker x3  
  104  8:13  Observer  
  104  8:20  Pylon  
  104  8:21  Pylon  
  104  8:23  Robotics Facility  
  104  8:29  Observer  
  104  8:30  Zealot x4  
  113  8:38  Zealot x4  
  121  8:43  Protoss Ground Weapons Level 2, Protoss Ground Armor Level 2  
  121  8:46  Probe x3  
  124  8:51  Observer  
  125  9:03  High Templar x2  
  125  9:05  Nexus  
  125  9:07  Pylon  
  125  9:09  Dark Shrine  
  129  9:10  Archon  
  129  9:11  Gateway  
  129  9:12  Gateway  
  129  9:15  Probe x3  
  132  9:18  Disruptor  
  132  9:20  Disruptor  
  135  9:28  Probe x3  
  141  9:40  Probe x3, High Templar  
  141  9:43  High Templar  
  148  9:48  Warp Prism, Archon  
  148  9:49  Zealot x4  
  156  9:53  Disruptor  
  156  9:55  Pylon  
  161  10:01  Pylon  
  161  10:08  Probe x3  
  161  10:10  Assimilator  
  161  10:13  Assimilator  
  161  10:26  Disruptor x2  
  159  10:30  Zealot x3  
  159  10:31  Zealot x7  
  159  10:59  High Templar  
  159  11:00  Stalker x3, Nexus, High Templar x3  
  159  11:01  Stalker x2  
  159  11:02  Zealot  
  177  11:04  Archon x2  
  173  11:23  Dark Templar x4  
  173  11:24  Zealot x2  
  185  11:32  Zealot, High Templar  
  187  11:33  Zealot x2  
  175  11:51  Stalker x2  
  150  12:06  Stalker x5  
  150  12:07  Stalker x2, Nexus  
  164  12:09  Pylon  
  164  12:17  Assimilator  
  164  12:19  Probe x3  
  164  12:20  Probe x2, Pylon  
Show
View Real Time Build Order
Export as new Build Order

SpeCial Terran 

Build Orders: 1/1/1, Liberator Opening 

Get SALT Encoding   

  12  0:01  SCV  
  13  0:13  SCV  
  14  0:17  Supply Depot  
  14  0:25  SCV  
  15  0:39  SCV, Barracks  
  16  0:43  Refinery  
  16  0:51  SCV  
  16  0:53  Refinery  
  17  1:03  SCV  
  18  1:06  Supply Depot  
  18  1:15  SCV  
  19  1:26  Marine  
  19  1:27  Orbital Command  
  20  1:40  Factory  
  20  1:53  SCV  
  21  1:54  Barracks Reactor  
  21  2:05  SCV  
  22  2:16  Command Center  
  22  2:18  SCV  
  23  2:25  Starport  
  23  2:29  Widow Mine  
  25  2:33  Marine  
  25  2:34  Marine  
  25  2:36  SCV  
  28  2:42  Supply Depot  
  28  2:49  SCV  
  29  2:52  Marine  
  29  2:53  Marine  
  31  3:04  Widow Mine  
  33  3:06  SCV, Medivac  
  33  3:10  Marine x2  
  38  3:19  SCV  
  39  3:26  Factory Tech Lab  
  39  3:31  SCV, Marine x2  
  39  3:32  Orbital Command  
  42  3:39  Liberator  
  45  3:44  SCV  
  46  3:49  Marine x2  
  48  3:57  SCV  
  48  3:58  SCV  
  48  4:02  Supply Depot  
  50  4:03  Siege Tank  
  50  4:09  SCV  
  54  4:23  SCV x2, Marine x2  
  58  4:25  Supply Depot  
  58  4:26  Starport Tech Lab  
  58  4:35  SCV x2  
  58  4:37  Bunker  
  60  4:45  Command Center  
  60  4:47  Siege Tank  
  60  4:48  SCV x2  
  60  4:51  Supply Depot  
  65  4:54  Marine x2  
  67  5:00  SCV x2  
  63  5:08  Raven  
  63  5:11  Marine  
  63  5:12  SCV x2, Marine  
  65  5:24  SCV x2  
  65  5:26  Barracks  
  67  5:29  Marine x2  
  67  5:31  Barracks  
  67  5:33  Supply Depot, Siege Tank  
  72  5:36  SCV x2  
  72  5:37  Refinery  
  72  5:39  Refinery  
  74  5:47  Marine x2  
  74  5:48  SCV x2  
  77  5:54  Engineering Bay  
  77  5:55  Engineering Bay  
  77  6:00  SCV x2  
  77  6:02  Orbital Command  
  79  6:05  Marine x2  
  79  6:11  Starport Reactor  
  81  6:12  SCV x2  
  82  6:23  Marine x2  
  82  6:24  SCV x2  
  82  6:25  Barracks x2  
  86  6:26  Terran Infantry Weapons Level 1, Terran Infantry Armor Level 1  
  86  6:32  Missile Turret  
  86  6:35  Marauder x2  
  86  6:36  SCV  
  86  6:38  Liberator  
  86  6:39  Factory Reactor  
  92  6:46  Stimpack  
  91  6:47  SCV  
  91  6:49  SCV  
  91  6:51  Marine x2  
  93  6:56  Marine  
  93  6:58  Orbital Command  
  93  6:59  Marauder  
  95  7:03  SCV x2  
  95  7:07  Combat Shield  
  94  7:08  Marine x2  
  94  7:09  Missile Turret  
  94  7:14  Marauder  
  99  7:15  SCV x2  
  99  7:19  Barracks Tech Lab  
  99  7:20  Barracks Reactor  
  100  7:27  SCV  
  100  7:28  Supply Depot, Factory Reactor  
  100  7:29  Supply Depot x2  
  101  7:32  SCV x2, Armory, Marauder  
  101  7:34  Marine x2  
  101  7:36  Medivac  
  109  7:45  Concussive Shells  
  109  7:47  SCV  
  109  7:49  SCV x2, Medivac  
  109  7:50  Refinery x2  
  113  7:52  Marine x2  
  115  7:59  SCV  
  115  8:00  Supply Depot  
  115  8:01  SCV x2, Supply Depot  
  118  8:06  Medivac, Marine  
  118  8:10  Marine x2  
  118  8:11  SCV  
  124  8:13  SCV x2  
  124  8:17  Starport  
  124  8:19  Medivac  
  125  8:24  SCV  
  125  8:25  Sensor Tower  
  125  8:26  SCV x2  
  128  8:29  Command Center  
  128  8:36  SCV, Bunker  
  128  8:37  Supply Depot  
  128  8:39  Supply Depot, Marauder x3  
  135  8:41  SCV x2  
  135  8:45  Viking  
  135  8:48  SCV  
  139  8:50  Marine x4  
  139  8:53  Terran Infantry Weapons Level 2  
  143  8:56  Terran Infantry Armor Level 2  
  143  9:03  Viking x2  
  143  9:05  Viking  
  149  9:13  Marine x3  
  149  9:14  Marine  
  149  9:15  Supply Depot  
  149  9:16  Marauder  
  154  9:18  Marauder, Missile Turret  
  154  9:20  Marauder  
  158  9:26  Viking  
  160  9:31  Marine  
  160  9:32  Marine x2  
  160  9:33  Viking  
  160  9:37  Viking x2, Marauder  
  170  9:39  Terran Ship Weapons Level 1  
  170  9:45  Missile Turret  
  170  9:53  Marine  
  170  9:54  Barracks x2  
  170  9:55  Barracks  
  170  9:57  Marine  
  170  9:58  Marine  
  175  10:00  Missile Turret  
  175  10:02  Viking  
  175  10:05  Planetary Fortress  
  175  10:06  Ghost Academy  
  174  10:09  Marine x2  
  174  10:10  Marauder x2  
  174  10:11  Marine  
  180  10:15  Marine x2  
  182  10:27  Marine  
  182  10:28  Marauder  
  183  10:29  Marine  
  183  10:30  Marine  
  183  10:33  Marauder, Marine  
  185  10:36  Marine  
  185  10:41  Marine  
  169  10:45  Marine  
  169  10:48  SCV x2  
  169  10:49  Marauder x2  
  161  10:50  Marine  
  161  10:52  Marine  
  161  10:54  Marauder  
  153  10:57  SCV  
  153  11:00  SCV  
  153  11:02  SCV, Liberator x2  
  153  11:03  Liberator  
  165  11:04  Liberator  
  165  11:09  SCV  
  166  11:31  Barracks Reactor, Barracks Tech Lab  
  164  11:40  SCV x2, Marine x3  
  164  11:41  SCV, Marauder  
  164  11:42  Marauder  
  164  11:43  Marauder  
  164  11:46  Marine  
  127  11:47  Marine  
  127  11:52  Viking x2, SCV  
  127  11:53  SCV x2, Marauder  
  122  11:58  Marine x2  
  122  12:00  Marine  
  113  12:03  Marauder x2  
  113  12:04  Marauder  
  113  12:05  SCV x3  
  119  12:10  Marine  
  119  12:13  Marine x2  
  119  12:15  Marauder  
  124  12:17  SCV x2  
Tags
 
Add a new tag
Caveats
  • Supply blocks, unpowered buildings, or Contaminate may cause inaccurate times.
  • Supply counts are checked every 10 seconds.